 52 Aisha the Scratcher (level 3, 17/17 HPs)
             Began as a Felid Fighter on Oct 6, 2019.
             Was an Initiate of Kikubaaqudgha.
             Quit the game on level 3 of the Dungeon.
             The game lasted 00:05:07 (2742 turns).

Aisha the Scratcher (Felid Fighter)                 Turns: 2742, Time: 00:05:07

Health: 17/17      AC:  1    Str: 12    XL:     3   Next: 60%
Magic:  4/4        EV: 20    Int: 10    God:    Kikubaaqudgha [......]
Gold:   86         SH:  0    Dex: 15    Spells: 2/2 levels left
                                        Lives:  0   Deaths: 1

rFire    . . .     SeeInvis +     - Unarmed
rCold    . . .     Gourm    .   (shield unavailable)
rNeg     . . .     Faith    .   (armour unavailable)
rPois    .         Spirit   .   (helmet unavailable)
rElec    .         Reflect  .   (cloak unavailable)
rCorr    .         Harm     .   (gloves unavailable)
MR       .....                  (boots unavailable)
Stlth    ++........             (no amulet)
HPRegen  0.05/turn              (no ring)
MPRegen  0.09/turn              (no ring)

@: quick
A: very small, no armour, no weapons or thrown items, stealth, claws 1, fangs 3,
see invisible, carnivore, speed 1, shaggy fur 1, slow metabolism 1, sharp paws
a: Renounce Religion


Innate Abilities, Weirdness & Mutations

You cannot wear armour.
You are incapable of wielding weapons or throwing items.
Your paws allow you to move quietly. (Stealth)
You have sharp claws.
You have razor-sharp teeth.
You have supernaturally acute eyesight. (SInv)
You are carnivorous and can eat meat at any time.
You cover ground quickly.
You are covered in fur. (AC +1)
You have a slow metabolism.
Your sharp claws are effective at attacking unaware monsters.


   Skills:
 + Level 3.6 Fighting
 + Level 4.8 Dodging
 * Level 2.0 Stealth
 * Level 5.0 Unarmed Combat


You had 2 spell levels left.
You didn't know any spells.
Your spell library was empty.

Inventory:

Jewellery
 k - a +2 ring of strength {unknown}
Scrolls
 c - a scroll of blinking {unknown}
 d - a scroll of immolation {unknown}
 e - 3 scrolls of magic mapping {unknown}
 f - 4 scrolls of identify {unknown}
 h - a scroll of teleportation {unknown}
 l - a scroll of fear {unknown}
Potions
 a - a potion of might
 g - 3 potions of flight {unknown}
 i - 2 potions of lignification {unknown}
Comestibles
 b - a ration {@e1}


Message History

You claw the gnoll!
The gnoll is heavily wounded.
The gnoll barely misses you. The gnoll completely misses you.
You barely miss the gnoll.
The gnoll is heavily wounded.
The gnoll closely misses you.
You barely miss the gnoll.
The gnoll is heavily wounded.
The gnoll completely misses you.
You claw the gnoll!
You kill the gnoll!
Kikubaaqudgha accepts your kill.
Your Stealth skill increases to level 2!
Your Unarmed Combat skill increases to level 5!
The gnoll completely misses you. The gnoll closely misses you.
Found a scroll labeled ZIOTAU FUGEP.
Things that are here:
a +0 whip; a gnoll corpse You closely miss the gnoll.
You closely miss the gnoll. The gnoll hits you with a +0 halberd!
Ouch! That really hurt!
* * * LOW HITPOINT WARNING * * *
The gnoll hits you from afar with a +0 halberd!
You die...
You are now level 3!
You rejoin the land of the living...
Found a robe.
Unknown command.
Are you sure you want to abandon this character and quit the game? (Confirm with "yes".)

Skill      XL: |  1  2  3  4 |
---------------+-------------+-----
Stealth        | 1 2 |  2.0
Unarmed Combat | 5 |  5.0
Fighting       | |  3.6
Dodging        | |  4.8

Action                   |  1- 3 |  4- 6 || total
-------------------------+-------+-------++-------
Melee: Unarmed           |   114 |    25 ||   139
       Bite              |     9 |     1 ||    10
       Punch             |     1 |       ||     1
 Stab: Sleeping          |     9 |       ||     9
  Eat: Chunk             |     9 |     2 ||    11
Armor: Skin              |     5 |       ||     5
Dodge: Dodged            |   119 |    19 ||   138

Notes
Turn   | Place    | Note
-------+----------+-------------------------------------------
     0 | D:1      | Aisha the Felid Fighter began the quest for the Orb.
     0 | D:1      | Reached XP level 1. HP: 10/10 MP: 2/2
   241 | D:1      | Reached XP level 2. HP: 10/14 MP: 3/3
   940 | D:1      | Reached XP level 3. HP: 17/17 MP: 4/4
  1700 | D:2      | Found a radiant altar of Vehumet.
  1791 | D:2      | Found an opulent altar of Gozag.
  1922 | D:2      | Reached skill level 1 in Stealth
  1932 | D:2      | Found an ancient bone altar of Kikubaaqudgha.
  1947 | D:2      | Reached XP level 4. HP: 17/21 MP: 5/5
  2052 | D:2      | Became a worshipper of Kikubaaqudgha
  2737 | D:3      | Reached skill level 2 in Stealth
  2737 | D:3      | Reached skill level 5 in Unarmed Combat
  2741 | D:3      | Slain by a gnoll
  2742 | D:3      | Reached XP level 3. HP: -2/17 MP: 4/4
  2742 | D:3      | Quit the game

Vanquished Creatures
  3 adders (D:2)
  2 gnolls (D:3)
  A shadow imp (D:3)
  An ooze (D:1)
  A dart slug (D:2)
  A leopard gecko (D:1)
  A ball python (D:2)
  3 giant cockroaches
  5 goblins
  5 hobgoblins
  4 jackals (D:1)
  13 bats
  A frilled lizard (D:1)
  6 kobolds (D:1)
  5 rats
52 creatures vanquished.
